 Dungeon Crawl Stone Soup version 0.18.1-47-g9310371 (webtiles) character file.

585 sarahorange the Thaumaturge (level 7, -1/36 HPs)
             Began as a Deep Elf Wizard on June 14, 2016.
             Was an Initiate of Vehumet.
             Slain by Blork the orc
             ... wielding a +1 dire flail of protection
              (7 damage)
             ... on level 5 of the Dungeon.
             The game lasted 01:11:04 (5879 turns).

sarahorange the Thaumaturge (Deep Elf Wizard)       Turns: 5879, Time: 01:11:04

Health: -1/36      AC:  2    Str:  4    XL:     7   Next: 14%
Magic:  15/20      EV: 16    Int: 24    God:    Vehumet [......]
Gold:   128        SH:  0    Dex: 14    Spells: 6 memorised, 9 levels left

rFire  . . .     SeeInvis .     h - +1 hunting sling (flame)
rCold  . . .     Gourm    .     a - +0 robe
rNeg   . . .     Faith    .     (no shield)
rPois  .         Spirit   .     b - +0 hat
rElec  .         Dismiss  .     (no cloak)
rCorr  .         Reflect  .     (no gloves)
SustAt .         Harm     .     (no boots)
MR     .....     Clarity  +     (no amulet)
Stlth  ++........               t - ring of flight
                                n - +3 ring of evasion

@: lethally poisoned (-1 -> -7), not resistant to hostile enchantments,
unstealthy
A: clarity, screaming 1
a: Renounce Religion, Evoke Flight


You were on level 5 of the Dungeon.
You worshipped Vehumet.
Vehumet was noncommittal.
You were not hungry.

You visited 2 branches of the dungeon, and saw 6 of its levels.

You collected 128 gold pieces.

Inventory:

Hand Weapons
 h - a +1 hunting sling of flaming (weapon)
 l - a +0 short sword
 w - a +0 hunting sling of flaming
Missiles
 j - 117 stones
 m - 25 sling bullets (quivered)
Armour
 a - a +0 robe (worn)
 b - a +0 hat (worn)
 i - a +0 robe
 k - a +0 robe
 o - a +0 robe
 p - a +0 robe
 y - a +0 pair of boots
Jewellery
 n - a +3 ring of evasion (left hand)
 t - a ring of flight (right hand)
Wands
 q - a wand of lightning (12/15)
 v - a wand of paralysis (11/24)
Scrolls
 f - a scroll of amnesia
 u - a scroll of remove curse
Potions
 e - 3 potions of brilliance
 g - a potion of cancellation
 r - 3 potions of curing {unknown}
 x - a potion of might {unknown}
 z - a potion of ambrosia {unknown}
Books
 c - a book of Minor Magic

   Spells                             Type                      Level
   a - Magic Dart                     Conjuration                  1
   b - Blink                          Translocation                2
   c - Call Imp                       Summoning                    2
   d - Repel Missiles                 Charms/Air                   2
   e - Slow                           Hexes                        2
   f - Conjure Flame                  Conjuration/Fire             3
   g - Mephitic Cloud                 Conjuration/Poison/Air       3
Comestibles
 d - 4 bread rations
 s - a beef jerky


   Skills:
 + Level 2.6 Slings
 + Level 2.8 Dodging
 + Level 3.1 Stealth
 + Level 8.1 Spellcasting
 + Level 3.4 Conjurations
 + Level 1.6 Hexes
 + Level 1.1 Summonings
 + Level 1.3 Translocations
 + Level 0.7 Fire Magic
 + Level 0.4 Poison Magic
 + Level 0.2 Evocations


You had 9 spell levels left.
You knew the following spells:

 Your Spells              Type           Power        Failure   Level  Hunger
a - Magic Dart            Conj           ####         1%          1    None
b - Blink                 Tloc           N/A          8%          2    None
c - Slow                  Hex            ###.....     6%          2    None
d - Conjure Flame         Conj/Fire      ###.....     10%         3    None
e - Mephitic Cloud        Conj/Pois/Air  ###.....     14%         3    None
f - Call Imp              Summ           ###.....     8%          2    None


Dungeon Overview and Level Annotations

Branches:
Dungeon (5/15)             Temple (1/1) D:4

Altars:
Ashenzari
Cheibriados
Elyvilon
Fedhas
Gozag
Kikubaaqudgha
Makhleb
Okawaru
Qazlal
Ru
Sif Muna
Trog
Vehumet
Yredelemnul
The Shining One

Annotations:
D:5 Blork the orc


Innate Abilities, Weirdness & Mutations

You possess an exceptional clarity of mind.
You occasionally shout uncontrollably at your foes.


Message History

Confirm with . or Enter, or press ? or * to list all spells.
You blink.
You feel sick.
You feel sick.
You feel sick.
You hear a zap.
A puff of flame appears from out of thin air!
The puff of flame hits you!
* * * LOW HITPOINT WARNING * * *
* * * LOW HITPOINT WARNING * * *
You feel sick. The adder misses you.
Casting: Blink
Confirm with . or Enter, or press ? or * to list all spells.
Aiming: Magic Dart
Press: ? - help, Shift-Dir - straight line, f/p - adder
Aim: an adder (severely wounded)
The magic dart hits the adder.
You kill the adder!
Vehumet accepts your kill. Something hits you!
You die...

#.........#
#.........# #
#>........##..
#............#
##.........##
#####..#### ##.##
#.## ########@###
#### #.......†..##
...# #...........#
...## #......J....#
....# ###...........#
....###............##
...................##
>...................#
........#........##.#


You could see a jelly.

Vanquished Creatures
  A black bear (D:4)
  A phantom (D:4)
  A scorpion (D:5)
  An orc wizard (D:3)
  An orc priest (D:3)
  Jessica (D:2)
  Terence (D:2)
  2 iguanas
  2 worker ants (D:4)
  4 adders
  7 worms
  2 dart slugs
  3 giant geckos
  7 orcs
  6 bats
  3 giant cockroaches
  7 hobgoblins
  15 jackals
  9 kobolds
  A quokka (D:2)
  3 ball pythons
  A ball python skeleton (D:4)
  3 giant newts
  6 goblins
  A quokka skeleton (D:4)
  8 rats
97 creatures vanquished.

Notes
Turn   | Place    | Note
--------------------------------------------------------------
     0 | D:1      | sarahorange the Deep Elf Wizard began the quest for the Orb.
     0 | D:1      | Reached XP level 1. HP: 10/10 MP: 7/7
   349 | D:1      | Reached XP level 2. HP: 15/15 MP: 6/9
   386 | D:1      | Learned a level 2 spell: Blink
   389 | D:1      | Learned a level 2 spell: Slow
   504 | D:1      | Reached skill level 5 in Spellcasting
  1096 | D:2      | Noticed Jessica
  1107 | D:2      | Killed Jessica
  1107 | D:2      | Reached XP level 3. HP: 14/19 MP: 3/12
  1266 | D:2      | Noticed a moth of wrath
  1585 | D:2      | Noticed Terence
  1741 | D:2      | Reached XP level 4. HP: 24/24 MP: 9/13
  1821 | D:2      | Learned a level 3 spell: Conjure Flame
  1850 | D:2      | Reached skill level 6 in Spellcasting
  1861 | D:2      | Gained mutation: You occasionally shout uncontrollably at your foes. [potion of mutation]
  1861 | D:2      | Gained mutation: You possess an exceptional clarity of mind. [potion of mutation]
  1872 | D:2      | HP: 1/24 [poisoned by an adder]
  2316 | D:2      | Found a burning altar of Makhleb.
  2317 | D:2      | Found an ancient bone altar of Kikubaaqudgha.
  2461 | D:2      | Killed Terence
  2761 | D:2      | Reached skill level 1 in Slings
  2865 | D:2      | Found a bloodstained altar of Trog.
  3046 | D:3      | Reached XP level 5. HP: 28/28 MP: 13/15
  3059 | D:3      | Learned a level 3 spell: Mephitic Cloud
  4087 | D:3      | Reached skill level 1 in Hexes
  4414 | D:4      | Reached XP level 6. HP: 32/32 MP: 13/17
  4622 | D:4      | Reached skill level 7 in Spellcasting
  5008 | D:4      | Found a staircase to the Ecumenical Temple.
  5019 | Temple   | Entered the Ecumenical Temple
  5083 | Temple   | Became a worshipper of Vehumet
  5161 | D:4      | Learned a level 2 spell: Call Imp
  5304 | D:4      | Reached XP level 7. HP: 36/36 MP: 15/20
  5586 | D:5      | Entered Level 5 of the Dungeon
  5735 | D:5      | Reached skill level 8 in Spellcasting
  5844 | D:5      | Noticed Blork the orc
  5879 | D:5      | Slain by Blork the orc

Skill      XL: |  1  2  3  4  5  6  7 |
---------------+----------------------+-----
Spellcasting   | 5 6 7 8 |  8.1
Stealth        | 3 |  3.1
Conjurations   | 2 3 |  3.4
Slings         | 1 2 |  2.6
Hexes          | 1 |  1.6
Dodging        | |  2.8
Summonings     | |  1.1
Translocations | |  1.3
Fire Magic     | |  0.7
Poison Magic   | |  0.4
Evocations     | |  0.2

Action                   |  1- 3 |  4- 6 |  7- 9 || total
-------------------------+-------+-------+-------++-------
Melee: Short sword       |    16 |     7 |       ||    23
 Fire: Hunting sling     |       |   107 |     1 ||   108
 Cast: Magic Dart        |    81 |   163 |    19 ||   263
       Slow              |     6 |     9 |     3 ||    18
       Blink             |     1 |     2 |     1 ||     4
       Conjure Flame     |       |    15 |     1 ||    16
       Mephitic Cloud    |       |     3 |       ||     3
       Call Imp          |       |     1 |       ||     1
 Abil: Stop Flying       |       |     1 |       ||     1
       Evoke Flight      |       |     1 |       ||     1
  Use: Scroll            |     2 |     4 |       ||     6
       Potion            |     1 |     4 |       ||     5
  Eat: Chunk             |     2 |     2 |       ||     4
       Meat ration       |       |     2 |       ||     2
       Beef jerky        |       |       |     1 ||     1
Armor: Robe              |     6 |     3 |       ||     9
Dodge: Dodged            |    22 |    26 |     4 ||    52
